 Dungeon Crawl Stone Soup version 0.19.5 (webtiles) character file.

31852 JeffiDaFish the Blocker (level 13, -8/84 HPs)
             Began as a Gargoyle Fighter on Sept 22, 2017.
             Was the Champion of Okawaru.
             Mangled by Sonja
             ... wielding a +0 short sword of distortion
              (16 damage)
             ... while paralysed by Sonja
             ... on level 4 of the Lair of Beasts on Sept 24, 2017.
             The game lasted 00:38:50 (15806 turns).

JeffiDaFish the Blocker (Gargoyle Fighter)         Turns: 15806, Time: 00:38:50

Health: -8/84      AC: 35    Str: 20    XL:     13   Next: 60%
Magic:  18/18      EV:  2    Int: 10    God:    Okawaru [******]
Gold:   1423       SH:  0    Dex: 20    Spells: 0 memorised, 12 levels left

rFire  . . .     SeeInvis .     D - +2 war axe (elec)
rCold  . . .     Gourm    .     w - +1 plate armour
rNeg   + . .     Faith    .     c - +0 shield
rPois  ∞         Spirit   .     j - +2 helmet
rElec  +         Reflect  .     b - +2 cloak
rCorr  .         Harm     .     m - +2 pair of gloves
MR     .....                    (no boots)
Stlth  ..........               (no amulet)
                                u - ring "Wonad" {+Fly Dex+3}
                                i - +4 ring of dexterity

@: paralysed
A: fangs 1, talons 1, negative energy resistance 1, electricity resistance, wild
magic 1, unbreathing, petrification resistance, rot immunity, AC +9
a: Heroism, Finesse, Renounce Religion, Evoke Flight


You were on level 4 of the Lair of Beasts.
You worshipped Okawaru.
Okawaru was exalted by your worship.
You were not hungry.

You visited 3 branches of the dungeon, and saw 14 of its levels.
You also visited: Ice Cave.

You collected 1423 gold pieces.

Inventory:

Hand Weapons
 y - a +4 hand axe of flaming
 D - a +2 war axe of electrocution (weapon)
Armour
 b - a +2 cloak (worn)
 c - a +0 shield (worn)
 j - a +2 helmet (worn)
 m - a +2 pair of gloves (worn)
 w - a +1 plate armour (worn)
Jewellery
 i - a +4 ring of dexterity (left hand)
 t - an uncursed ring of protection from fire
 u - the ring "Wonad" (right hand) {+Fly Dex+3}
   (You found it in an ice cave)

   [ring of flight]

   It affects your dexterity (+3).
   It lets you fly.
 A - an uncursed ring of protection from cold
Wands
 v - a wand of teleportation (5/9)
 C - a wand of hasting (6/9)
Scrolls
 k - 3 scrolls of teleportation
 n - 3 scrolls of blinking
 q - 2 scrolls of remove curse
 r - 2 scrolls of amnesia
 s - 6 scrolls of identify
 x - a scroll of fog
 z - 3 scrolls of magic mapping
 B - a scroll of recharging
Potions
 a - 2 potions of resistance
 e - 2 potions of flight
 l - 2 potions of haste
 o - 2 potions of curing
 E - 3 potions of might
Comestibles
 d - 9 fruits
 f - 8 bread rations
 g - 6 beef jerkies
 h - 3 meat rations
 p - 10 slices of pizza


   Skills:
 * Level 11.3 Fighting
 * Level 10.7 Axes
 * Level 11.3 Armour
 + Level 6.1 Dodging
 - Level 1.2 Stealth
 * Level 11.4 Shields
 + Level 7.0 Invocations
 - Level 0.5 Evocations


You had 12 spell levels left.
You didn't know any spells.

Dungeon Overview and Level Annotations

Branches:
Dungeon (10/15)            Temple (1/1) D:5            Lair (4/6) D:10
  Swamp (0/4) Lair:2       Spider (0/4) Lair:4
    Orc: D:9-12

Altars:
Fedhas
Hepliaklqana
Okawaru
Vehumet
Xom
The Shining One

Annotations:
Lair:4 Sonja


Innate Abilities, Weirdness & Mutations

You are resistant to torment.
Your stone body is resilient. (AC +9)
You are immune to poison.
You resist negative energy. (rN+)
You are resistant to electric shocks. (rElec)
You can survive without breathing.
You are immune to petrification.
You are immune to rotting.
You have very sharp teeth.
You have sharp toenails.
Your spells are a little harder to cast, but a little more powerful.


Message History

Sonja unwields an uncursed short sword of distortion.
Its appearance distorts for a moment.
Sonja wields an uncursed enchanted blowgun.
Sonja shoots a curare-tipped needle.
You block the curare-tipped needle.
You see here a curare-tipped needle.
Okay, then.
Zapping:
v - a wand of teleportation (6/9)
Press: ? - help, Shift-Dir - straight line, f - you You feel strangely stable.
This wand has 5 charges left.
Sonja zaps a wand.
You suddenly lose the ability to move!
Sonja zaps a wand.
You shrug off the repeated paralysis!
Sonja unwields an uncursed enchanted blowgun.
Sonja wields an uncursed short sword of distortion.
Its appearance distorts for a moment.
Sonja hits you but does no damage. Space warps horribly around you!
* * * LOW HITPOINT WARNING * * *
Sonja hits you with an uncursed short sword of distortion.
* * * LOW HITPOINT WARNING * * *
Space warps horribly around you!
You die...

#....††.....#...... ##.#
###+##......#........# #..#
#....##†P##..........# ##.##
#........#####....... #..#
#8.<.8#P## .....# #... #.....###
##....## ####
##.8..########...#.P### #...
#####......##.........# #####...
.............#.(@K....####.......
............((.............#.#...
...........(†P..........#.####...
......................##.## #...
#..........###.........### #...
...........P#..........# ##...
#.......(..##.........## #....
#..........###........# #....
...........#####.###..# #P...


You could see Sonja.

Vanquished Creatures
  Gastronok (Lair:2)
  The ghost of dialectric the Bludgeoner, a journeyman GrFi of Qazlal (IceCv)
  The ghost of Dingbat the Slinger, a journeyman HaHu of Nemelex Xobeh (D:10)
  The ghost of JeffiDaFish the Basher, a journeyman GrFi of Okawaru (IceCv)
  2 ice dragons (IceCv)
  Urug (D:10)
  A hill giant (D:8)
  An unseen horror (D:10)
  An ugly thing (D:7)
  2 ice statues (IceCv)
  3 black mambas
  8 spiny frogs
  2 rime drakes (IceCv)
  2 komodo dragons
  A merfolk (D:8)
  2 jumping spiders (Lair:4)
  A polar bear (Lair:3)
  7 hippogriffs
  A blink frog (Lair:3)
  A spriggan (Lair:3)
  2 redbacks (Lair:4)
  2 shadows (D:10)
  A wyvern (Lair:3)
  16 yaks
  4 hogs (D:7)
  A human (D:7)
  2 hungry ghosts (D:8)
  4 vampire mosquitoes (Lair:2)
  Duvessa (D:5)
  11 water moccasins
  7 porcupines
  14 black bears (D:8)
  5 orc warriors
  4 sky beasts
  15 ice beasts
  3 ogres
  5 centaurs
  2 necrophages
  2 phantoms
  5 wolves (Lair:4)
  8 crocodiles
  5 big kobolds
  20 bullfrogs
  5 gnoll sergeants (D:8)
  A wyvern skeleton (D:6)
  Dowan (D:5)
  A scorpion (D:8)
  9 wights (D:10)
  12 electric eels
  15 crimson imps
  3 centaur zombies
  A bullfrog zombie (D:10)
  A centaur skeleton (D:8)
  3 jellies
  A bullfrog skeleton (D:9)
  8 hounds
  Crazy Yiuf (D:7)
  6 orc priests
  2 gnoll shamans (D:8)
  15 orc wizards
  3 iguanas
  4 worker ants
  3 hound skeletons
  A worker ant zombie (D:8)
  A howler monkey skeleton (D:6)
  4 gnolls (D:6)
  8 adders
  2 shadow imps
  12 white imps (Lair:1)
  3 adder skeletons
  A worm (D:2)
  7 leopard geckos
  34 orcs
  5 giant cockroaches
  3 hobgoblins (D:1)
  22 jackals
  15 kobolds
  8 quokkas
  A ball python (D:2)
  4 bats
  2 frilled lizards (D:1)
  10 goblins
  A jackal zombie (D:8)
  A leopard gecko zombie (D:7)
  A quokka zombie (D:6)
  8 rats
  A fungus (Lair:3)
  8 plants (D:8)
437 creatures vanquished.

Vanquished Creatures (others)
  A vampire mosquito (Lair:2)
  A centaur (D:7)
  A hound (D:7)
  A hound skeleton (D:7)
  An orc (D:8)
  11 plants
16 creatures vanquished.

Grand Total: 453 creatures vanquished

Notes
Turn   | Place    | Note
-------+----------+-------------------------------------------
     0 | D:1      | JeffiDaFish the Gargoyle Fighter began the quest for the Orb.
     0 | D:1      | Reached XP level 1. HP: 14/14 MP: 1/1
   211 | D:1      | Reached XP level 2. HP: 19/19 MP: 2/2
   666 | D:1      | Reached XP level 3. HP: 23/23 MP: 3/3
  1131 | D:2      | Reached XP level 4. HP: 20/29 MP: 4/4
  1832 | D:3      | You fall through a shaft for 2 floors!
  1832 | D:5      | Entered Level 5 of the Dungeon
  1876 | D:5      | Noticed a sky beast
  1886 | D:5      | Killed a sky beast
  1886 | D:5      | Reached skill level 1 in Dodging
  1886 | D:5      | Reached XP level 5. HP: 29/33 MP: 5/5
  1932 | D:5      | Gained mutation: You have very sharp teeth. [potion of mutation]
  1932 | D:5      | Gained mutation: You have sharp toenails. [potion of mutation]
  1932 | D:5      | Gained mutation: Your spells are a little harder to cast, but a little more powerful. [potion of mutation]
  2027 | D:5      | Reached XP level 6. HP: 35/38 MP: 6/6
  2135 | D:5      | Found a staircase to the Ecumenical Temple.
  2159 | Temple   | Entered the Ecumenical Temple
  2164 | Temple   | Became a worshipper of Warmaster Okawaru
  2504 | D:5      | Reached skill level 1 in Stealth
  2571 | D:5      | Reached XP level 7. HP: 44/44 MP: 7/7
  2599 | D:5      | Noticed Dowan
  2602 | D:5      | Noticed Duvessa
  2622 | D:5      | Killed Dowan
  2639 | D:5      | Killed Duvessa
  2639 | D:5      | Reached * piety under Okawaru
  2639 | D:5      | Reached skill level 5 in Axes
  2888 | D:5      | Reached skill level 5 in Shields
  3132 | D:6      | Reached XP level 8. HP: 39/48 MP: 8/8
  3149 | D:6      | Reached ** piety under Okawaru
  3149 | D:6      | Reached skill level 1 in Invocations
  3575 | D:6      | Reached skill level 5 in Fighting
  3575 | D:6      | Reached skill level 5 in Armour
  4305 | D:7      | Noticed a brown ugly thing
  4327 | D:7      | Killed a purple ugly thing
  4327 | D:7      | Reached *** piety under Okawaru
  4327 | D:7      | Reached XP level 9. HP: 31/55 MP: 10/10
  5082 | D:7      | Reached **** piety under Okawaru
  5082 | D:7      | Received a gift from Okawaru
  5419 | D:7      | Found a runed door.
  5423 | D:7      | Noticed Crazy Yiuf
  5427 | D:7      | Killed Crazy Yiuf
  5600 | D:8      | Reached XP level 10. HP: 58/63 MP: 12/12
  6198 | D:8      | Identified the +6 plate armour "Jixzuod" {Str-3 Int+5 SInv} (You found it on level 8 of the Dungeon)
  7397 | D:8      | Found a shimmering altar of Xom.
  7405 | D:8      | Reached ***** piety under Okawaru
  7747 | D:8      | Got a twisted helmet
  7758 | D:8      | Identified the cursed +0 helmet of the Were-rabbit {Stlth+} (You found it on level 8 of the Dungeon)
  7850 | D:8      | Reached XP level 11. HP: 67/69 MP: 14/14
  8109 | D:8      | Noticed a hill giant
  8123 | D:8      | Killed a hill giant
  9348 | D:9      | Received a gift from Okawaru
  9476 | D:9      | Reached skill level 5 in Invocations
  9971 | D:10     | Entered Level 10 of the Dungeon
 10039 | D:10     | Killed an unseen horror
 10158 | D:10     | Found a staircase to the Lair.
 10375 | D:10     | Noticed Dingbat's ghost (journeyman HaHu)
 10408 | D:10     | Killed Dingbat's ghost
 10477 | D:10     | Noticed Urug
 10497 | D:10     | Killed Urug
 10758 | D:10     | Reached XP level 12. HP: 76/76 MP: 16/16
 11007 | Lair:1   | Entered Level 1 of the Lair of Beasts
 11068 | Lair:1   | Found a frozen archway.
 11093 | Lair:1   | Received a gift from Okawaru
 11130 | IceCv    | Entered an ice cave
 11130 | IceCv    | Noticed dialectric's ghost (journeyman GrFi)
 11145 | IceCv    | Reached skill level 10 in Shields
 11297 | IceCv    | Killed dialectric's ghost
 11297 | IceCv    | Reached skill level 5 in Dodging
 12150 | IceCv    | Reached skill level 10 in Fighting
 12159 | IceCv    | Noticed JeffiDaFish's ghost (journeyman GrFi)
 12190 | IceCv    | Killed JeffiDaFish's ghost
 12190 | IceCv    | Reached skill level 10 in Armour
 12232 | IceCv    | Noticed an ice dragon
 12233 | IceCv    | Noticed an ice dragon
 12262 | IceCv    | Killed an ice dragon
 12270 | IceCv    | Killed an ice dragon
 12634 | IceCv    | Got a flickering silver ring
 12639 | IceCv    | Identified the ring "Wonad" {+Fly Dex+3} (You found it in an ice cave)
 12974 | Lair:1   | Reached skill level 10 in Axes
 13450 | Lair:2   | Found a staircase to the Swamp.
 13571 | Lair:2   | Reached XP level 13. HP: 78/83 MP: 17/17
 13629 | Lair:2   | Noticed Gastronok
 13641 | Lair:2   | Killed Gastronok
 13641 | Lair:2   | Received a gift from Okawaru
 15539 | Lair:4   | Found a hole to the Spider Nest.
 15693 | Lair:4   | Reached ****** piety under Okawaru
 15791 | Lair:4   | Noticed Sonja
 15804 | Lair:4   | Paralysed by Sonja for 5 turns
 15806 | Lair:4   | Mangled by Sonja

Skill      XL: |  1  2  3  4  5  6  7  8  9 10 11 12 13 |
---------------+----------------------------------------+-----
Axes           | 2 3 4 5 6 7 8 9 10 | 10.7
Fighting       | 4 5 7 8 9 10 11 | 11.3
Armour         | 4 6 7 8 9 10 11 | 11.3
Dodging        | 1 2 3 4 5 6 |  6.1
Shields        | 4 5 6 7 8 9 10 11 | 11.4
Stealth        | 1 |  1.2
Invocations    | 2 3 4 5 6 7 |  7.0
Evocations     | |  0.5

Action                   |  1- 3 |  4- 6 |  7- 9 | 10-12 | 13-15 || total
-------------------------+-------+-------+-------+-------+-------++-------
Melee: War axe           |   140 |   141 |   299 |   712 |   239 ||  1531
       Kick              |       |    31 |   101 |   468 |    92 ||   692
       Bite              |       |    10 |    38 |   199 |    33 ||   280
       Hand axe          |       |       |    15 |   527 |       ||   542
Invok: Heroism           |       |       |     1 |     3 |       ||     4
       Finesse           |       |       |       |     6 |     1 ||     7
Evoke: Wand              |       |     1 |     4 |       |     1 ||     6
  Use: Potion            |     3 |     2 |     6 |     9 |       ||    20
       Scroll            |     2 |     6 |     8 |    18 |     2 ||    36
 Stab: Paralysed         |       |     4 |       |       |       ||     4
  Eat: Chunk             |     1 |     5 |    10 |    30 |     7 ||    53
       Royal jelly       |       |       |       |     1 |       ||     1
Armor: Scale mail        |    87 |    41 |       |       |       ||   128
       Chain mail        |       |    44 |   133 |       |       ||   177
       Plate armour      |       |       |   100 |   608 |   147 ||   855
Dodge: Dodged            |    69 |    40 |    84 |   261 |    83 ||   537
Block: Shield            |    70 |    59 |   172 |   579 |   168 ||  1048
